 Dungeon Crawl Stone Soup version 0.24.0-13-gcf9b3192b9 (webtiles) character file.

Game seed: 7078110481653070455, levelgen mode: deterministic

452 mopl the Skirmisher (level 7, -2/44 HPs)
             Began as a Gargoyle Fighter on Nov 9, 2019.
             Was an Initiate of Okawaru (penitent).
             Slain by a hound (3 damage)
             ... on level 5 of the Dungeon.
             The game lasted 00:02:11 (1213 turns).

mopl the Skirmisher (Gargoyle Fighter)              Turns: 1213, Time: 00:02:11

Health: -2/44      AC: 11    Str: 20    XL:     7   Next: 5%
Magic:  9/9        EV:  7    Int:  9    God:    Okawaru [*]
Gold:   65         SH:  9    Dex: 10    Spells: 6/6 levels left

rFire    . . .     SeeInvis .   a - +0 war axe
rCold    . . .     Gourm    .   c - +0 shield
rNeg     + . .     Faith    .   b - +0 scale mail
rPois    ∞         Spirit   .   (no helmet)
rElec    +         Reflect  .   (no cloak)
rCorr    .         Harm     .   (no gloves)
MR       .....                  (no boots)
Stlth    ..........             (no amulet)
HPRegen  0.14/turn              o - ring of attention (curse)
MPRegen  0.11/turn              (no ring)

@: studying Crossbows
A: negative energy resistance 1, electricity resistance, unbreathing,
petrification resistance, rot immunity, AC +4
a: Renounce Religion


You were on level 5 of the Dungeon.
You worshipped Okawaru.
Okawaru was demanding penance.
You were not hungry.

You visited 1 branch of the dungeon, and saw 4 of its levels.

You collected 65 gold pieces.

Inventory:

Hand Weapons
 a - a +0 war axe (weapon)
Missiles
 t - a throwing net (quivered)
Armour
 b - a +0 scale mail (worn)
 c - a +0 shield (worn)
Jewellery
 i - an uncursed ring of ice
 o - a cursed ring of attention (left hand)
Wands
 r - a wand of enslavement (4)
Scrolls
 j - a scroll of identify {unknown}
 k - 2 scrolls of enchant armour {unknown}
 n - a scroll of fear {unknown}
 q - a scroll of remove curse {unknown}
Potions
 d - a potion of might
 e - a potion of mutation {unknown}
 g - a potion of curing {unknown}
 h - a potion of heal wounds {unknown}
 m - a potion of berserk rage {unknown}
 p - a potion of brilliance {unknown}
Books
 l - a manual of Crossbows
Comestibles
 f - 5 rations
 s - a chunk of flesh


   Skills:
 + Level 5.1 Fighting
 * Level 5.0 Axes
 - Level 3.2 Armour
 - Level 3.2 Shields
 + Level 3.1 Invocations


You had 6 spell levels left.
You didn't know any spells.
Your spell library was empty.

Dungeon Overview and Level Annotations

Branches:
Dungeon (5/15)
 Temple: D:4-7

Altars:
Okawaru
The Shining One


Innate Abilities, Weirdness & Mutations

You are resistant to torment.
Your stone body is resilient. (AC +4)
You are immune to poison.
You resist negative energy. (rN+)
You are resistant to electric shocks. (rElec)
You can survive without breathing.
You are immune to petrification.
You are immune to rotting.


Message History

A hound and a skeleton come into view.
The hound barks!
Found a stone staircase leading up.
There is a stone staircase leading up here.
You hit the orc.
The orc is severely wounded.
The orc hits you with a +0 war axe.
* * * LOW HITPOINT WARNING * * *
You slash the orc!
You kill the orc!
That felt strangely unrewarding.
The hound bites you.
* * * LOW HITPOINT WARNING * * *
Found 12 stones and a scroll labeled NEIVVE YSCHA.
The hound bites you but does no damage.
Unknown command.
You closely miss the hound. The hound barely misses you.
The hound bites you but does no damage.
You closely miss the hound. The hound bites you.
You die...

#.# #.# #.#
##.##
##...######
#.........<
#Z.<.#
#h#### #@#
#(# #.# #.#
#.# #?# #..
###


You could see a hound and an adder skeleton.

Vanquished Creatures
  A hound (D:4)
  2 adders
  A worm (D:4)
  A dart slug (D:1)
  A leopard gecko (D:2)
  2 orcs
  2 giant cockroaches
  5 hobgoblins
  4 jackals (D:2)
  5 kobolds
  3 bats
  2 frilled lizards
  A leopard gecko skeleton (D:4)
  4 rats
34 creatures vanquished.

Vanquished Creatures (others)
  Pikel (D:4)
  A giant cockroach (D:4)
  A quokka (D:4)
3 creatures vanquished.

Grand Total: 37 creatures vanquished

Notes
Turn   | Place    | Note
-------+----------+-------------------------------------------
     0 | D:1      | mopl the Gargoyle Fighter began the quest for the Orb.
     0 | D:1      | Reached XP level 1. HP: 14/14 MP: 1/1
   489 | D:1      | Reached XP level 2. HP: 19/19 MP: 2/2
   607 | D:2      | Reached XP level 3. HP: 21/24 MP: 3/3
   794 | D:2      | Found an iron altar of Okawaru.
   804 | D:2      | Became a worshipper of Warmaster Okawaru
   823 | D:2      | You fall into a shaft and drop 2 floors!
   857 | D:4      | Reached XP level 4. HP: 27/29 MP: 4/4
   864 | D:4      | Found a glowing golden altar of the Shining One.
   865 | D:4      | Noticed a slave
   866 | D:4      | Noticed Pikel
   866 | D:4      | Noticed a slave
   866 | D:4      | Noticed a slave
   867 | D:4      | Noticed a slave
   875 | D:4      | Was placed under penance by Okawaru
   888 | D:4      | Killed Pikel
   888 | D:4      | Reached skill level 5 in Fighting
   888 | D:4      | Reached XP level 5. HP: 10/35 MP: 4/7
   888 | D:4      | Reached XP level 6. HP: 12/40 MP: 4/8
  1125 | D:4      | Reached skill level 5 in Axes
  1125 | D:4      | Reached XP level 7. HP: 40/44 MP: 9/9
  1131 | D:4      | Noticed a cyclops
  1177 | D:4      | HP: 2/44 [something/magic dart[the fury of Okawaru] (1)]
  1201 | D:4      | Noticed a minotaur
  1201 | D:4      | Noticed a minotaur
  1206 | D:5      | Entered Level 5 of the Dungeon
  1207 | D:5      | HP: 2/44 [orc/+0 war axe[the fury of Okawaru] (3)]
  1213 | D:5      | Slain by a hound

Levels and vault maps discovered:
D:1:      evilmike_arrival_plus, layout_loops_ring, grunt_decor_arrowhead
D:2:      layout_loops_ring, amethyst_overflow_temple_binary,
          okawaru_metal_pillars_1_2, uniq_jessica
D:4:      layout_basic, tso_metal_star, minmay_manual_monstrance, uniq_pikel
D:5:      layout_loops_ring, dk_yredelemnul_ordeal

Skill      XL: |  1  2  3  4  5  6 |
---------------+-------------------+-----
Axes           | 2 3 4 5 |  5.0
Fighting       | 4 5 |  5.1
Invocations    | 3 |  3.1
Armour         | |  3.2
Shields        | |  3.2

Action                   |  1- 3 |  4- 6 |  7- 9 || total
-------------------------+-------+-------+-------++-------
Melee: War axe           |    92 |    19 |     4 ||   115
Evoke: Wand              |       |     2 |       ||     2
  Eat: Chunk             |       |     1 |       ||     1
Armor: Scale mail        |    44 |    10 |     5 ||    59
Dodge: Dodged            |    37 |     6 |     5 ||    48
Block: Shield            |    47 |     5 |     9 ||    61
